 Dungeon Crawl Stone Soup version 0.24.0-13-gcf9b3192b9 (webtiles) character file.

Game seed: 2634640632546697320, levelgen mode: classic

52 EnegeticOcto the Digger (level 3, -8/16 HPs)
             Began as a Vine Stalker Earth Elementalist on Nov 9, 2019.
             Splashed by Ijyb's acid (14 damage)
             ... on level 3 of the Dungeon.
             The game lasted 00:01:52 (1556 turns).

EnegeticOcto the Digger (VSEE)                      Turns: 1556, Time: 00:01:53

Health: -8/16      AC: -1    Str: 10    XL:     3   Next: 85%
Magic:  0/7        EV: 12    Int: 16    God:
Gold:   104        SH:  0    Dex: 14    Spells: 0/6 levels left

rFire    x . .     SeeInvis .   h - +0 hand axe
rCold    + . .     Gourm    .   (no shield)
rNeg     . . .     Faith    .   c - +0 robe
rPois    .         Spirit   +   (no helmet)
rElec    .         Reflect  .   (no cloak)
rCorr    .         Harm     .   d - +0 pair of gloves
MR       .....                  (no boots)
Stlth    +++.......             (no amulet)
HPRegen  0.05/turn              g - ring of stealth
MPRegen  0.10/turn              i - ring of ice

@: corroded
A: fangs 2, magic shield, antimagic bite, no potion heal 3, rot immunity
a: no special abilities


You were on level 3 of the Dungeon.
You were hungry.

You visited 1 branch of the dungeon, and saw 3 of its levels.

You collected 104 gold pieces.

Inventory:

Hand Weapons
 h - a +0 hand axe (weapon)
Missiles
 b - 52 stones (quivered)
Armour
 c - a +0 robe (worn)
 d - a +0 pair of gloves (worn)
Jewellery
 g - a ring of stealth (left hand)
 i - a ring of ice (right hand)
Scrolls
 a - 3 scrolls of remove curse {unknown}
 f - 3 scrolls of identify {unknown}
Potions
 j - a potion of haste {unknown}
 k - a potion of curing {unknown}
Comestibles
 e - 6 rations


   Skills:
 - Level 1.5 Dodging
 - Level 2.4 Stealth
 - Level 2.1 Spellcasting
 - Level 1.0 Transmutations
 + Level 4.6 Earth Magic


You couldn't memorise any spells.
You knew the following spells:

 Your Spells              Type           Power        Failure   Level  Hunger
a - Sandblast             Erth           ###...       3%          1    #......
b - Stone Arrow           Conj/Erth      #.....       24%         3    ###....
p - Passwall              Tmut/Erth      ##......     10%         2    ###....

Your spell library contained the following spells:

 Spells                   Type           Power        Failure   Level  Hunger
 Petrify                  Tmut/Erth      ##......     54%         4    #####..
 Lee's Rapid Deconstruct  Erth           ###.......   63%         5    ######.


Dungeon Overview and Level Annotations

Branches:
Dungeon (3/15)

Altars:
Gozag
Nemelex Xobeh
Trog

Annotations:
D:3 1 runed translucent door, Ijyb; Metae's ghost, amateur MiMo


Innate Abilities, Weirdness & Mutations

You have extremely sharp teeth.
When hurt, damage is shared between your health and your magic reserves.
Your bite disrupts and absorbs the magic of your enemies.
Potions cannot restore your health.
You are immune to rotting.


Message History

a +0 dagger; a +0 hunting sling
Things that are here:
a +0 dagger; a +0 hunting sling You open the door.
A frilled lizard comes into view.
A frilled lizard is nearby!
A frilled lizard comes into view.
There is an open door here.
Casting: Sandblast (safe; 3% risk of failure)
Confirm with . or Enter, or press ? or * to list all spells.
You can't see any susceptible monsters within range! (Use Z to cast anyway.)
The helpless frilled lizard fails to defend itself.
You hit the frilled lizard.
You kill the frilled lizard!
You are feeling hungry.
An orc comes into view.
The orc shouts!
The orc hits you but does no damage.
The frilled lizard hisses angrily.
You hit the orc but do no damage. The orc closely misses you.
You hit the orc. You bite the orc, but do no damage.
The orc is heavily wounded.
You barely miss the frilled lizard. The orc hits you.
The frilled lizard bites you but does no damage.
The orc closely misses you.
You hit the orc.
You kill the orc!
You hit the frilled lizard.
You kill the frilled lizard!
No target in view!
No target in view!
No target in view!
No target in view!
No target in view!
Found a bloodstained altar of Trog.
You see here a frilled lizard corpse.
You open the door.
Found a stone staircase leading down.
Found an escape hatch in the ceiling.
There is an open door here.
Ijyb the Twisted Goblin comes into view.
She is carrying a wand of acid (8).
Casting: Sandblast (safe; 3% risk of failure)
Confirm with . or Enter, or press ? or * to list all spells.
Aiming: Sandblast (safe; 3% risk of failure)
Press: ? - help, Shift-Dir - straight line, f - Ijyb
Aim: Ijyb, wearing a +0 ring mail and carrying a wand of acid (8) (resting)
The blast of sand hits Ijyb but does no damage.
b - 55 stones
Casting: Sandblast (safe; 3% risk of failure)
Confirm with . or Enter, or press ? or * to list all spells.
Aiming: Sandblast (safe; 3% risk of failure)
Press: ? - help, Shift-Dir - straight line, f/p - Ijyb
Aim: Ijyb, wearing a +0 ring mail and carrying a wand of acid (8)
The blast of sand misses Ijyb.
b - 54 stones
Casting: Sandblast (safe; 3% risk of failure)
Confirm with . or Enter, or press ? or * to list all spells.
Aiming: Sandblast (safe; 3% risk of failure)
Press: ? - help, Shift-Dir - straight line, f/p - Ijyb
Aim: Ijyb, wearing a +0 ring mail and carrying a wand of acid (8)
The blast of sand hits Ijyb but does no damage.
b - 53 stones Ijyb hits you but does no damage.
Press: ? - help, v - describe, . - travel
Here: Ijyb, wearing a +0 ring mail and carrying a wand of acid (8)
A stone staircase leading down.
Casting: Sandblast (safe; 3% risk of failure)
Confirm with . or Enter, or press ? or * to list all spells.
Aiming: Stone Arrow (safe; 24% risk of failure)
Press: ? - help, Shift-Dir - straight line, f/p - Ijyb
Aim: Ijyb, wearing a +0 ring mail and carrying a wand of acid (8)
The stone arrow misses Ijyb.
Ijyb zaps a wand.
The bolt of acid misses you.
Casting: Stone Arrow (safe; 24% risk of failure)
Confirm with . or Enter, or press ? or * to list all spells.
You don't have enough magic to cast that spell.
Unknown command.
You closely miss Ijyb. Ijyb barely misses you.
You hit Ijyb but do no damage. Ijyb closely misses you. Ijyb barely misses you.
You hit Ijyb.
Ijyb is lightly wounded.
Ijyb hits you but does no damage.
Casting: Stone Arrow (safe; 24% risk of failure)
Confirm with . or Enter, or press ? or * to list all spells.
Aiming: Sandblast (safe; 3% risk of failure)
Press: ? - help, Shift-Dir - straight line, f/p - Ijyb
Aim: Ijyb, wearing a +0 ring mail and carrying a wand of acid (7) (lightly wounded)
The blast of sand hits Ijyb.
Ijyb is lightly wounded.
b - 52 stones Ijyb barely misses you.
You closely miss Ijyb. You bite Ijyb, but do no damage.
Ijyb is lightly wounded.
Ijyb hits you but does no damage.
You barely miss Ijyb. Your bite misses Ijyb.
Ijyb is lightly wounded.
Ijyb zaps a wand.
The bolt of acid hits you!
Ouch! That really hurt!
The acid corrodes you!
You are splashed with acid!
Ouch! That really hurt!
You die...

.........#
#.......#..#..#._#
..........
+....†##..#..#..##
........##
#.....##...#...##
####.#.##
##.....#########
#...# ##.....# #.#
##...## .# ##'##
#.# #@# #.....g.#
#.#####.. #...
#.... #<#### #.#
..#


You could see Ijyb.

Vanquished Creatures
  An adder (D:3)
  2 oozes
  2 dart slugs
  An orc (D:3)
  A ball python (D:1)
  4 goblins
  4 hobgoblins
  2 kobolds
  6 bats
  5 frilled lizards
  3 rats
31 creatures vanquished.

Notes
Turn   | Place    | Note
-------+----------+-------------------------------------------
     0 | D:1      | EnegeticOcto the Vine Stalker Earth Elementalist began the
                  | quest for the Orb.
     0 | D:1      | Reached XP level 1. HP: 9/9 MP: 4/4
    35 | D:1      | Reached XP level 2. HP: 13/13 MP: 0/6
   847 | D:2      | Reached skill level 4 in Earth Magic
   911 | D:2      | Reached XP level 3. HP: 9/16 MP: 4/7
   915 | D:2      | Learned a level 2 spell: Passwall
   919 | D:2      | Learned a level 3 spell: Stone Arrow
  1194 | D:2      | Found an opulent altar of Gozag.
  1195 | D:2      | Found a sparkling altar of Nemelex Xobeh.
  1338 | D:3      | Found a runed translucent door.
  1340 | D:3      | Noticed Metae's ghost (amateur MiMo)
  1527 | D:3      | Found a bloodstained altar of Trog.
  1546 | D:3      | Noticed Ijyb
  1556 | D:3      | Splashed by Ijyb's acid

Levels and vault maps discovered:
D:1:      giann_bridges, layout_loops_ring, chequers_serial_rivers_large_b
D:2:      layout_basic, grunt_temple_overflow_opulence
D:3:      layout_loops_corners, marbit_many_paths, grunt_dithmenos_smoke,
          ebering_ghost_sewer_d, first_ration, uniq_robin, uniq_ijyb

Skill      XL: |  1  2 |
---------------+-------+-----
Earth Magic    | 4 |  4.6
Dodging        | |  1.5
Stealth        | |  2.4
Spellcasting   | |  2.1
Transmutations | |  1.0

Action                   || total
-------------------------++-------
Melee: Unarmed           ||    21
       Hand axe          ||    36
       Bite              ||     4
 Cast: Sandblast         ||    34
       Stone Arrow       ||     1
 Stab: Sleeping          ||     2
  Eat: Chunk             ||     2
Armor: Robe              ||    30
Dodge: Dodged            ||    54
